 Dungeon Crawl Stone Soup version 0.18.1-8-gdd0e5ea (webtiles) character file.

491 Hipnos the Ducker (level 6, 0/44 HPs)
             Began as a Vampire Fire Elementalist on May 22, 2016.
             Slain by a big kobold
             ... wielding a +0 short sword
              (5 damage)
             ... on level 2 of the Dungeon.
             The game lasted 00:10:27 (4027 turns).

Hipnos the Ducker (Vampire Fire Elementalist)       Turns: 4027, Time: 00:10:28

Health: 0/44       AC:  4    Str:  7    XL:     6   Next: 91%
Magic:  3/10       EV: 18    Int: 19    God:
Gold:   31         SH:  0    Dex: 15    Spells: 4 memorised, 1 level left

rFire  . . .     SeeInvis +     d - +3 short sword
rCold  + . .     Gourm    .     a - +0 robe
rNeg   + + .     Faith    .     (no shield)
rPois  +         Spirit   .     p - +2 hat
rElec  .         Dismiss  .     (no cloak)
rCorr  +         Reflect  .     (no gloves)
SustAt .         Harm     .     (no boots)
MR     .....                    (no amulet)
Stlth  +++.......               q - +3 ring of evasion
                                l - ring of resist corrosion

@: regenerating slowly, not resistant to hostile enchantments, fairly stealthy
A: fangs 3, see invisible, unbreathing
a: Bat Form


You were on level 2 of the Dungeon.
You were thirsty.

You visited 1 branch of the dungeon, and saw 3 of its levels.

You collected 31 gold pieces.

Inventory:

Hand Weapons
 d - a +3 short sword (weapon)
Armour
 a - a +0 robe (worn)
 p - a +2 hat (worn)
Jewellery
 l - a ring of resist corrosion (left hand)
 q - a +3 ring of evasion (right hand)
Scrolls
 e - a scroll of random uselessness
 i - a scroll of teleportation {unknown}
 j - a scroll of enchant weapon {unknown}
 k - a scroll of remove curse {unknown}
 n - a scroll of blinking {unknown}
 o - a scroll of identify
Potions
 c - 20 potions of blood
 f - a potion of curing
 g - a potion of degeneration {unknown}
 h - a potion of flight
 m - a potion of berserk rage {unknown}
Books
 b - a book of Flames

   Spells                             Type                      Level
   a - Flame Tongue                   Conjuration/Fire             1
   b - Throw Flame                    Conjuration/Fire             2
   c - Conjure Flame                  Conjuration/Fire             3
   d - Inner Flame                    Hexes/Fire                   3
   e - Sticky Flame                   Conjuration/Fire             4
   f - Fireball                       Conjuration/Fire             5


   Skills:
 + Level 2.1 Fighting
 + Level 5.0 Dodging
 - Level 3.0 Stealth
 + Level 3.2 Spellcasting
 + Level 2.1 Conjurations
 + Level 3.6 Fire Magic


You had one spell level left.
You knew the following spells:

 Your Spells              Type           Power        Failure   Level  Hunger
a - Flame Tongue          Conj/Fire      ##...        6%          1    None
b - Throw Flame           Conj/Fire      ##....       10%         2    ##.....
c - Conjure Flame         Conj/Fire      ##......     14%         3    ###....
d - Sticky Flame          Conj/Fire      ##......     50%         4    ####...


Dungeon Overview and Level Annotations

Branches:
Dungeon (3/15)

Altars:
Dithmenos
Fedhas
Makhleb
Okawaru
Xom
Zin


Innate Abilities, Weirdness & Mutations

You heal slowly.
You have razor-sharp teeth.
You have supernaturally acute eyesight.
You can survive without breathing.


Message History

* * * LOW HITPOINT WARNING * * *
Casting: Flame Tongue
Confirm with . or Enter, or press ? or * to list all spells.
Aiming: Flame Tongue
Press: ? - help, Shift-Dir - straight line, f - big kobold
Aim: a big kobold, wielding a short sword (severely wounded)
The flame tongue hits the big kobold.
The big kobold is almost dead.
Casting: Flame Tongue
Confirm with . or Enter, or press ? or * to list all spells.
Aiming: Flame Tongue
Press: ? - help, Shift-Dir - straight line, f/p - big kobold
Aim: a big kobold, wielding a short sword (almost dead)
The flame tongue hits the big kobold.
The big kobold appears unharmed.
The big kobold is almost dead.
The big kobold hits you with a short sword.
* * * LOW HITPOINT WARNING * * *
Your magical contamination has completely faded away.
The big kobold hits you with a short sword.
You die...

# #÷# #...##.# # #.#
####.###.# # #.# #....<...# #
#.# #.##.##..# # #.#
#.##.##..# #.#
############.##.##..#
#.####............##.##..#
#.#.........########.##..####
#
#.#.##.####.@K...............
# #.#.##.#
##########.###.#### ##
#.#.##.# #.# #.##.. .##
#.#.##.# #####.# #.#...
..###.#.##.# #.....# ###...
...........# #.##### ♣♣..
........#..#### #.# ♣...
#########.....# #.# ♣_.. #
#.###.# #.# #♣...


You could see a big kobold.

Vanquished Creatures
  5 big kobolds
  6 adders
  An ooze (D:1)
  2 dart slugs
  3 giant geckos
  2 giant cockroaches (D:2)
  3 hobgoblins
  2 jackals (D:1)
  2 quokkas
  12 bats
  4 giant newts
  2 goblins (D:2)
  46 kobolds
  11 rats
101 creatures vanquished.

Notes
Turn   | Place    | Note
--------------------------------------------------------------
     0 | D:1      | Hipnos the Vampire Fire Elementalist began the quest for the Orb.
     0 | D:1      | Reached XP level 1. HP: 13/13 MP: 3/3
   431 | D:1      | Reached XP level 2. HP: 19/19 MP: 1/5
   999 | D:1      | Reached XP level 3. HP: 23/24 MP: 2/6
  1246 | D:2      | Found a blossoming altar of Fedhas.
  1266 | D:2      | Reached skill level 1 in Conjurations
  1296 | D:2      | Found a glowing silver altar of Zin.
  1355 | D:2      | Found a shimmering altar of Xom.
  1355 | D:2      | Found a burning altar of Makhleb.
  1415 | D:2      | Learned a level 2 spell: Throw Flame
  1419 | D:2      | Learned a level 3 spell: Conjure Flame
  1811 | D:2      | Found a shadowy altar of Dithmenos.
  1902 | D:2      | Reached skill level 3 in Dodging
  1922 | D:2      | Reached XP level 4. HP: 31/31 MP: 5/7
  2669 | D:3      | Found an iron altar of Okawaru.
  2750 | D:3      | Reached skill level 1 in Fighting
  2835 | D:3      | Noticed a big kobold
  2853 | D:3      | Killed a big kobold
  2853 | D:3      | Reached XP level 5. HP: 8/37 MP: 7/9
  3216 | D:3      | Reached skill level 4 in Dodging
  3216 | D:3      | Reached XP level 6. HP: 12/44 MP: 3/10
  3448 | D:3      | Learned a level 4 spell: Sticky Flame
  3861 | D:2      | Reached skill level 5 in Dodging
  4027 | D:2      | Slain by a big kobold

Skill      XL: |  1  2  3  4  5  6 |
---------------+-------------------+-----
Conjurations   | 1 2 |  2.1
Fire Magic     | 3 |  3.6
Dodging        | 3 4 5 |  5.0
Fighting       | 1 2 |  2.1
Spellcasting   | 3 |  3.2
Stealth        | |  3.0

Action                   |  1- 3 |  4- 6 || total
-------------------------+-------+-------++-------
Melee: Short sword       |    52 |    93 ||   145
       Unarmed           |     7 |       ||     7
       Bite              |     4 |     7 ||    11
 Cast: Flame Tongue      |    38 |    78 ||   116
       Throw Flame       |       |     2 ||     2
  Use: Potion            |       |     7 ||     7
       Scroll            |       |     3 ||     3
 Stab: Sleeping          |     7 |     3 ||    10
Armor: Robe              |    12 |    24 ||    36
Dodge: Dodged            |    43 |   163 ||   206
